 Dungeon Crawl Stone Soup version 0.29-a0-802-g34511f41fd (webtiles) character file.

Game seed: 7573864589200479091

175 avis the Chiller (level 5, -1/35 HPs)
             Began as an Octopode Ice Elementalist on July 3, 2022.
             Slain by an orc wizard
             ... wielding a +0 dagger
              (4 damage)
             ... on level 4 of the Dungeon.
             The game lasted 00:19:37 (3498 turns).

avis the Chiller (Octopode Ice Elementalist)        Turns: 3498, Time: 00:19:37

Health: -1/35      AC:  1    Str:  7    XL:     5   Next: 55%
Magic:  8/8        EV: 14    Int: 17    God:
Gold:   133        SH:  0    Dex: 15    Spells: 1/8 levels left

rFire   + . .      SeeInvis .   n - +3 war axe of the Telling Gods {vamp, Fragile rF+ rN++ Will+}
rCold   . . .      Faith    .   (no shield)
rNeg    + + .      Spirit   .   (helmet restricted)
rPois   .          Reflect  .   (no amulet)
rElec   .          Harm     .   (no ring)
rCorr   .          Rampage  .   (no ring)
Will    +....                   (no ring)
Stlth   ++++......              (no ring)
HPRegen 0.11/turn               (no ring)
MPRegen 0.11/turn               (no ring)
                                (no ring)
                                (no ring)

@: no status effects
A: almost no armour, amphibious, 8 rings, camouflage 1, gelatinous body 1,
(nimble swimmer 1), tentacles
a: no special abilities


You were on level 4 of the Dungeon.
You visited 1 branch of the dungeon, and saw 4 of its levels.

You collected 133 gold pieces.

Inventory:

Hand Weapons
 a - a +0 sling
 b - a +0 short sword
 c - a +0 spear of venom
 n - the +3 war axe of the Telling Gods (weapon) {vamp, Fragile rF+ rN++ Will+}
   (You found it on level 3 of the Dungeon)

   It occasionally heals its wielder for a portion of the damage dealt when it
   wounds a living foe.
   rF:        It protects you from fire.
   rN:        It greatly protects you from negative energy.
   Fragile:   It will be destroyed if unequipped.
   Will:      It increases your willpower.
Missiles
 f - 5 boomerangs
 i - 5 silver javelins
Wands
 j - a wand of polymorph (9)
Scrolls
 d - a scroll of teleportation {unknown}
 g - a scroll of fog {unknown}
 h - 2 scrolls of identify {unknown}
 k - a scroll of summoning {unknown}
 l - a scroll of acquirement {unknown}
 o - a scroll of poison {unknown}
Potions
 e - a potion of invisibility {unknown}
 m - a potion of heal wounds {unknown}
 p - 2 potions of attraction {unknown}
 q - a potion of magic


   Skills:
 * Level 2.7 Fighting
 - Level 3.0 Dodging
 - Level 4.0 Stealth
 - Level 2.0 Spellcasting
 - Level 5.0 Ice Magic


You had one spell level left.
You knew the following spells:

 Your Spells              Type           Power      Damage    Failure   Level
a - Freeze                Ice            72%        1d9       2%          1
o - Ozocubu's Armour      Ice            18%        N/A       8%          3
r - Frozen Ramparts       Ice            36%        1d5       8%          3

Your spell library contained the following spells:

 Spells                   Type           Power      Damage    Failure   Level
 Hailstorm                Conj/Ice       10%        3d5       56%         4


Dungeon Overview and Level Annotations

Branches:
Dungeon (3/15)

Altars:

Shops:
D:3 (

Annotations:
D:3 Grinder


Innate Abilities, Weirdness & Mutations

You cannot wear most types of armour.
You are amphibious.
You can wear up to eight rings at the same time.
Your skin changes colour to match your surroundings (Stealth+).
Your rubbery body absorbs attacks. (AC +1, EV +1)
((You are camouflaged when in or above water. (Stealth+)))
You have tentacles for arms and can constrict up to eight enemies at once.


Message History

The worm is almost dead.
You constrict the worm.
You kill the worm!
You barely miss the orc. Your grab misses the orc. Your squeeze misses the orc.
You hit the orc.
You feel better.
Your grab misses the orc.
The orc is severely wounded.
The orc hits you with a +0 mace. The orc closely misses you.
You slash the orc!
You feel better.
You kill the orc!
Items here: )) [ †.
Okay, then.
Something hits you.
Items here: ( )))) [[ ††.
Okay, then.
Something barely misses you. Something hits you.
You see here a +0 flail.
Something hits you. Something hits you.
You closely miss something. You squeeze something! Something hits you.
You hear some strange, mumbled words.
A magic dart appears from out of thin air!
The magic dart hits you.
You miss something.
You hear some strange, mumbled words.
A puff of flame appears from out of thin air!
The puff of flame hits you. You resist.
* * * LOW HITPOINT WARNING * * *
You barely miss something. Your squeeze misses something.
You hear some strange, mumbled words.
Something tries to affect you, but you resist.
Something hits you.
* * * LOW HITPOINT WARNING * * *
You barely miss something. Something barely misses you.
You closely miss something. Something hits you.
* * * LOW HITPOINT WARNING * * *
Something hits you.
* * * LOW HITPOINT WARNING * * *
You miss something. Something hits you.
You die...

#........#
#........#
#........#
.##........###
............. .
.##........####
..................
....######)#
.........@)#
.......){..#
...........#
...........#
...........#
###(.......#########
#..........†......
#........#........
#........#........


There were no monsters in sight!

Vanquished Creatures
  Terence (D:3)
  3 gnolls (D:3)
  2 adders
  A white imp (D:3)
  2 worms
  4 dart slugs
  7 orcs
  6 bats
  3 endoplasms
  A giant cockroach (D:1)
  11 goblins
  13 hobgoblins
  2 quokkas (D:1)
  7 ball pythons
  2 frilled lizards
  4 kobolds
  5 rats (D:1)
74 creatures vanquished.

Notes
Turn   | Place    | Note
-------+----------+-------------------------------------------
     0 | D:1      | avis the Octopode Ice Elementalist began the quest for the
                  | Orb.
     0 | D:1      | Reached XP level 1. HP: 11/11 MP: 3/3
   119 | D:1      | Reached skill level 1 in Fighting
   260 | D:1      | Reached XP level 2. HP: 18/18 MP: 5/5
   427 | D:1      | Reached XP level 3. HP: 10/24 MP: 1/6
   742 | D:1      | Learned a level 3 spell: Ozocubu's Armour
  1775 | D:2      | Noticed a golden eye
  1778 | D:2      | Noticed a great orb of eyes
  1781 | D:2      | Found a faded altar of an unknown god.
  1782 | D:2      | Noticed an eye of devastation
  1782 | D:2      | Noticed a shining eye
  1907 | D:2      | Reached XP level 4. HP: 29/29 MP: 7/7
  2148 | D:2      | Learned a level 3 spell: Frozen Ramparts
  2209 | D:3      | Identified the +3 war axe of the Telling Gods {vamp,
                  | Fragile rF+ rN++ Will+}
  2251 | D:3      | Found Limau's Antique Weapon Shop.
  2253 | D:3      | Noticed Terence
  2388 | D:3      | Reached skill level 5 in Ice Magic
  2529 | D:3      | Noticed Grinder
  2677 | D:3      | Killed Terence
  3147 | D:3      | Reached XP level 5. HP: 34/34 MP: 1/8
  3452 | D:3      | You fall into a shaft and drop 1 floor!
  3498 | D:4      | Slain by an orc wizard

Illustrated notes

Levels and vault maps discovered:
D:1:      minmay_arrival_shattered_statue, layout_loops_ring
D:2:      layout_loops_ring, hellmonk_ecumenical_altar_watching_god
D:3:      layout_basic, serial_shops, nicolae_shop_trees,
          kennysheep_flooded_box, nrook_loot_triangle, minmay_goblin_outpost,
          uniq_terence, uniq_grinder
D:4:      layout_basic

Skill      XL: |  1  2  3  4  5 |
---------------+----------------+-----
Fighting       | 1 2 |  2.7
Stealth        | 3 4 |  4.0
Ice Magic      | 5 |  5.0
Dodging        | 3 |  3.0
Spellcasting   | |  2.0

Action                   |  1- 3 |  4- 6 || total
-------------------------+-------+-------++-------
Melee: Short sword       |    34 |    14 ||    48
       Tentacles         |     7 |    12 ||    19
       Constrict         |     7 |    15 ||    22
       Unarmed           |     1 |       ||     1
       War axe           |       |    31 ||    31
       Punch             |       |     1 ||     1
 Fire: Sling             |       |    22 ||    22
 Cast: Freeze            |    32 |    17 ||    49
       Ozocubu's Armour  |     1 |     4 ||     5
  Use: Potion            |       |     3 ||     3
 Stab: Sleeping          |    20 |     4 ||    24
Armor: Skin              |     3 |    16 ||    19
Dodge: Dodged            |    25 |    46 ||    71

Table legend: (Time is in decaauts)
 A = Elapsed time spent in this place.
 B = Non-inter-level travel time spent in this place.
 C = Inter-level travel time spent in this place.
 D = Time resting spent in this place.
 E = Time spent auto-exploring this place.
 F = Levels seen in this place.
 G = Mean time per level.
                   A        B        C        D        E       F      G
               +--------+--------+--------+--------+--------+-----+--------+
         Total |   3526 |   3174 |    352 |   1055 |   1276 |   4 |  881.5 |
       Dungeon |   3526 |   3174 |    352 |   1055 |   1276 |   4 |  881.5 |
               +--------+--------+--------+--------+--------+-----+--------+

Top non-repeatable levels by time:
     D:1: 1404 daAuts
     D:3: 1216 daAuts
     D:2: 848 daAuts
     D:4: 57 daAuts
